 Dungeon Crawl Stone Soup version 0.23.2-1-ga50397a6bc (webtiles) character file.

Game seed: 12806347759667787116

5467 Mrkan the Basher (level 10, -3/80 (81) HPs)
             Began as a Minotaur Fighter on May 13, 2019.
             Was a Follower of Hepliaklqana.
             Killed from afar by an electric eel (10 damage)
             ... with a bolt of electricity
             ... on level 9 of the Dungeon.
             The game lasted 00:25:24 (7467 turns).

Mrkan the Basher (Minotaur Fighter)                 Turns: 7467, Time: 00:25:25

HP:   -3/80 (81)    AC: 18    Str: 21    XL:     10   Next: 41%
MP:   9/9           EV:  5    Int:  8    God:    Hepliaklqana [*.....]
Gold: 532           SH:  9    Dex: 10    Spells: 9/9 levels left

rFire    . . .     SeeInvis .   K - +3 flail
rCold    . . .     Gourm    .   c - +0 shield
rNeg     . . .     Faith    .   v - +0 plate armour (curse)
rPois    .         Spirit   .   (helmet restricted)
rElec    .         Reflect  .   (no cloak)
rCorr    .         Harm     .   (no gloves)
MR       .....                  (no boots)
Stlth    ..........             (no amulet)
HPRegen  0.23/turn              u - +5 ring of slaying
MPRegen  0.11/turn              o - +3 ring of protection

@: no status effects
A: retaliatory headbutt, reduced essence, horns 2
a: Recall Ancestor, Ancestor Identity, Renounce Religion


You were on level 9 of the Dungeon.
You worshipped Hepliaklqana.
Hepliaklqana was aware of your devotion.
You were not hungry.

You visited 2 branches of the dungeon, and saw 10 of its levels.
You also visited: Sewer.

You collected 532 gold pieces.

Inventory:

Hand Weapons
 a - a +1 flail
 D - a +0 blowgun
 K - a +3 flail (weapon)
 N - a +0 halberd
Missiles
 C - 9 poisoned needles
Armour
 b - a +0 scale mail
 c - a +0 shield (worn)
 p - a +0 ring mail
 r - a +1 chain mail
 v - a cursed +0 plate armour (worn)
 F - a +2 ring mail of fire resistance
Jewellery
 n - an uncursed ring of protection from fire
 o - a +3 ring of protection (right hand)
 q - an uncursed ring of protection from fire
 u - a +5 ring of slaying (left hand)
 M - an uncursed ring of wizardry {unknown}
Wands
 y - a wand of polymorph (3)
 E - a wand of flame (53)
 I - a wand of digging (3)
Scrolls
 e - 7 scrolls of remove curse
 h - a scroll of amnesia {unknown}
 i - 4 scrolls of enchant armour
 k - 3 scrolls of enchant weapon
 m - 2 scrolls of teleportation
 s - 5 scrolls of fear {unknown}
 t - 4 scrolls of blinking {unknown}
 w - 3 scrolls of fog {unknown}
 B - 4 scrolls of magic mapping {unknown}
 J - a scroll of random uselessness {unknown}
 L - a scroll of immolation {unknown}
 O - a scroll of silence {unknown}
Potions
 d - 4 potions of might
 g - 2 potions of heal wounds {unknown}
 j - a potion of berserk rage {unknown}
 l - 3 potions of mutation
 x - 2 potions of resistance {unknown}
 z - a potion of flight {unknown}
 A - 6 potions of curing {unknown}
 G - a potion of degeneration {unknown}
 H - a potion of ambrosia {unknown}
Comestibles
 f - 11 rations


   Skills:
 - Level 9.0 Fighting
 * Level 12.1 Maces & Flails
 * Level 11.5 Armour
 - Level 1.2 Dodging
 - Level 1.4 Stealth
 - Level 3.6 Shields


You had 9 spell levels left.
You didn't know any spells.
Your spell library was empty.

Dungeon Overview and Level Annotations

Branches:
Dungeon (9/15)             Temple (1/1) D:6
   Lair: D:8-11         Orc: D:9-12

Altars:
Ashenzari
Cheibriados
Dithmenos
Elyvilon
Fedhas
Gozag
Hepliaklqana
Kikubaaqudgha
Makhleb
Nemelex Xobeh
Okawaru
Qazlal
Ru
Sif Muna
Trog
Uskayaw
Vehumet
Wu Jian
Xom
Yredelemnul
Zin
The Shining One

Shops:
D:5 *   D:6 *}*?[   D:8 =

Annotations:
D:3 3 runed translucent doors, Elric's ghost, amateur MiFi


Innate Abilities, Weirdness & Mutations

You reflexively headbutt those who attack you in melee.
You have a pair of horns on your head.
Your life essence is reduced to manifest your ancestor. (-10% HP)


Message History

The bolt of electricity hits you.
* * * LOW HITPOINT WARNING * * *
The electric eel shoots out a bolt of lightning at you!
The bolt of electricity hits you.
* * * LOW HITPOINT WARNING * * *
The electric eel shoots out a bolt of lightning at you!
The bolt of electricity misses you.
A hornet comes into view.
The hornet buzzes angrily.
A scorpion comes into view.
Found a golden potion.
Found a radiant altar of Vehumet.
Found 17 gold pieces.
Found a sacrificial altar of Ru and an iron altar of Okawaru.
You see here a hound corpse.
The electric eel shoots out a bolt of lightning at you!
The bolt of electricity hits you.
* * * LOW HITPOINT WARNING * * *
The electric eel shoots out a bolt of lightning at you!
The bolt of electricity hits you!
You die...

......≈≈≈≈≈≈.≈≈≈≈≈
.......≈≈≈≈≈≈≈≈≈≈≈
.......≈≈≈.≈≈≈≈;≈≈ #
#.....≈≈≈..≈≈≈≈≈≈≈ ...
#####.....;.≈....≈≈≈≈≈
$!#..##.##..#......[....≈≈≈≈
#......s.y.#.......[.......
#.....####.)....###.##
....... #@....###†..#
._..._..>.......#.†)..#
.............##..†##..### ..
...8.........##....#..#.#...
.............##.##.##.......
._..._.......... ...#<....##
............##.##.#####
........... ...... .....
.......


You could see a hornet and an electric eel.

Vanquished Creatures
  A two-headed ogre (D:8)
  Pikel (D:9)
  Psyche (D:9)
  A troll (D:9)
  A wyvern (D:8)
  A hungry ghost (D:7)
  A water moccasin (D:8)
  An orc warrior (D:8)
  A slave (D:9)
  A sky beast (D:9)
  4 ogres
  An ice beast (D:5)
  A wolf (D:9)
  2 necrophages
  3 phantoms
  A centaur (D:5)
  3 bullfrogs
  A big kobold (D:7)
  A gnoll sergeant (D:6)
  2 scorpions
  3 killer bees (D:4)
  6 wights
  2 crimson imps
  A quasit (D:8)
  A jelly (D:7)
  3 bullfrog zombies
  10 hounds
  2 orc priests
  6 orc wizards
  A bullfrog skeleton (D:4)
  2 iguanas
  3 worker ants
  A howler monkey zombie (D:5)
  4 worker ant zombies
  16 adders
  10 gnolls
  3 river rats (Sewer)
  2 shadow imps
  An ooze (Sewer)
  An adder zombie (D:6)
  An adder skeleton (D:7)
  6 worms
  3 dart slugs
  8 leopard geckos
  32 orcs
  6 ball pythons
  7 bats
  7 giant cockroaches
  4 goblins
  6 hobgoblins
  14 jackals
  20 kobolds
  8 quokkas
  5 frilled lizards
  A quokka skeleton (D:7)
  9 rats
244 creatures vanquished.

Vanquished Creatures (others)
  3 slaves (D:9)
3 creatures vanquished.

Grand Total: 247 creatures vanquished

Notes
Turn   | Place    | Note
-------+----------+-------------------------------------------
     0 | D:1      | Mrkan the Minotaur Fighter began the quest for the Orb.
     0 | D:1      | Reached XP level 1. HP: 19/19 MP: 0/0
   101 | D:1      | Reached skill level 3 in Maces & Flails
   101 | D:1      | Reached XP level 2. HP: 24/27 MP: 1/1
   706 | D:2      | Reached XP level 3. HP: 32/34 MP: 2/2
   902 | D:2      | Reached skill level 4 in Maces & Flails
  1080 | D:2      | Reached XP level 4. HP: 34/41 MP: 3/3
  1439 | D:3      | Found a runed translucent gate.
  1440 | D:3      | Found a runed translucent gate.
  1440 | D:3      | Found a runed translucent gate.
  1441 | D:3      | Noticed Elric's ghost (amateur MiFi)
  1784 | D:3      | Reached skill level 1 in Dodging
  1977 | D:3      | Reached skill level 5 in Maces & Flails
  1986 | D:3      | Reached XP level 5. HP: 42/47 MP: 4/4
  2331 | D:4      | Reached skill level 6 in Maces & Flails
  2332 | D:4      | Found a glowing drain.
  2341 | Sewer    | Entered a sewer
  2820 | Sewer    | Reached XP level 6. HP: 38/53 MP: 5/5
  3059 | D:4      | Reached skill level 7 in Maces & Flails
  3298 | D:4      | Reached skill level 8 in Maces & Flails
  3298 | D:4      | Reached XP level 7. HP: 60/60 MP: 6/6
  3619 | D:4      | Reached skill level 5 in Fighting
  3633 | D:4      | Reached skill level 9 in Maces & Flails
  4087 | D:5      | Entered Level 5 of the Dungeon
  4581 | D:5      | Reached skill level 5 in Armour
  4581 | D:5      | Reached skill level 1 in Stealth
  4581 | D:5      | Reached XP level 8. HP: 67/70 MP: 7/7
  4683 | D:5      | Found Gihokk's Assorted Antiques.
  5039 | D:6      | Found Qiaximi's Assorted Antiques.
  5140 | D:6      | Found Imugafu's Magic Scroll Emporium.
  5142 | D:6      | Found Ijeydgh's Armour Shoppe.
  5142 | D:6      | Found Dieduomi's Gadget Shoppe.
  5228 | D:6      | Found Debaufemp's Assorted Antiques.
  5432 | D:6      | Found a staircase to the Ecumenical Temple.
  5456 | Temple   | Entered the Ecumenical Temple
  5637 | Temple   | Became a worshipper of Hepliaklqana the Forgotten
  5797 | D:6      | Reached XP level 9. HP: 60/72 MP: 8/8
  6457 | D:8      | Reached * piety under Hepliaklqana
  6462 | D:8      | Noticed a two-headed ogre
  6479 | D:8      | Killed a two-headed ogre
  6479 | D:8      | Reached skill level 10 in Maces & Flails
  6479 | D:8      | Reached skill level 10 in Armour
  6844 | D:8      | Reached XP level 10. HP: 80/81 MP: 9/9
  6850 | D:8      | Reached skill level 11 in Maces & Flails
  6874 | D:8      | Found an opulent altar of Gozag.
  6887 | D:8      | Found Zulohodi's Jewellery Boutique.
  7116 | D:8      | Found a white marble altar of Elyvilon.
  7117 | D:8      | Found a glowing silver altar of Zin.
  7126 | D:8      | Found a glowing golden altar of the Shining One.
  7262 | D:9      | Noticed Psyche
  7311 | D:9      | Noticed Pikel
  7327 | D:9      | Killed Pikel
  7418 | D:9      | Found a bloodstained altar of Trog.
  7429 | D:9      | Killed Psyche
  7429 | D:9      | Reached skill level 12 in Maces & Flails
  7461 | D:9      | Found a radiant altar of Vehumet.
  7462 | D:9      | Found a sacrificial altar of Ru.
  7462 | D:9      | Found an iron altar of Okawaru.
  7467 | D:9      | Killed from afar by an electric eel

Skill      XL: |  1  2  3  4  5  6  7  8  9 10 |
---------------+-------------------------------+-----
Maces & Flails | 3 4 5 6 8 9 10 12 | 12.1
Fighting       | 4 6 8 9 |  9.0
Dodging        | 1 |  1.2
Armour         | 5 8 10 11 | 11.5
Stealth        | 1 |  1.4
Shields        | |  3.6

Action                   |  1- 3 |  4- 6 |  7- 9 | 10-12 || total
-------------------------+-------+-------+-------+-------++-------
Melee: Flail             |    90 |   242 |   388 |    65 ||   785
       Headbutt          |    12 |    27 |    69 |    14 ||   122
Invok: Ancestor Identity |       |       |     1 |       ||     1
  Use: Scroll            |       |     4 |     5 |       ||     9
  Eat: Chunk             |       |     7 |    11 |     2 ||    20
       Ration            |       |       |     1 |       ||     1
Armor: Scale mail        |    34 |       |       |       ||    34
       Plate armour      |       |    83 |   238 |    49 ||   370
       Chain mail        |       |    17 |       |       ||    17
Dodge: Dodged            |    36 |    31 |    70 |    14 ||   151
Block: Shield            |    48 |   117 |   200 |    38 ||   403
